 Dungeon Crawl Stone Soup version 0.25-a0-346-g140ab784a8 (webtiles) character file.

Game seed: 12090562178401934071, levelgen mode: deterministic

410 Mrkan the Chopper (level 6, 0/56 HPs)
             Began as a Draconian Berserker on Dec 31, 2019.
             Was a Priest of Trog.
             Slain by a worker ant (7 damage)
             ... on level 3 of the Dungeon.
             The game lasted 00:06:41 (3024 turns).

Mrkan the Chopper (Draconian Berserker)             Turns: 3024, Time: 00:06:42

Health: 0/56       AC:  6    Str: 17 (20) XL:     6   Next: 58%
Magic:  6/6        EV: 12    Int:  6 (8)  God:    Trog [***...]
Gold:   98         SH:  0    Dex: 10 (11) Spells: 5/5 levels left

rFire    . . .     SeeInvis .   a - +0 hand axe
rCold    . . .     Gourm    .   (no shield)
rNeg     + . .     Faith    .   (armour unavailable)
rPois    .         Spirit   .   (helmet restricted)
rElec    .         Reflect  .   t - scarf {repulsion}
rCorr    .         Harm     .   (no gloves)
MR       ++...                  (no boots)
Stlth    +.........             (no amulet)
HPRegen  1.18/turn              f - ring of positive energy
MPRegen  0.10/turn              (no ring)

@: lethally poisoned (0 -> 0), regenerating, repel missiles
A: unfitting armour, cold-blooded, AC +6
a: Berserk, Trog's Hand, Renounce Religion


You were on level 3 of the Dungeon.
You worshipped Trog.
Trog was most pleased with you.
You were not hungry.

You visited 1 branch of the dungeon, and saw 4 of its levels.

You collected 98 gold pieces.

Inventory:

Hand Weapons
 a - a +0 hand axe (weapon)
Armour
 i - a +0 cloak
 t - a scarf of repulsion (worn)
Jewellery
 f - a ring of positive energy (left hand)
 p - a +1 ring of evasion {unknown}
 s - a cursed -3 ring of strength {unknown}
Wands
 x - a wand of flame (12)
Scrolls
 d - a scroll of immolation {unknown}
 e - a scroll of teleportation {unknown}
 g - 3 scrolls of magic mapping {unknown}
 j - 2 scrolls of remove curse {unknown}
 k - a scroll of amnesia {unknown}
 l - a scroll of fog {unknown}
 n - a scroll of identify {unknown}
Potions
 h - a potion of magic {unknown}
 m - a potion of cancellation {unknown}
 o - a potion of brilliance {unknown}
 q - a potion of heal wounds {unknown}
 r - a potion of degeneration
 u - a potion of resistance {unknown}
 w - a potion of lignification {unknown}
Comestibles
 b - 5 rations


   Skills:
 + Level 5.4 Fighting
 * Level 6.4 Axes
 - Level 2.6 Dodging


You had 5 spell levels left.
You didn't know any spells.
Your spell library was empty.

Dungeon Overview and Level Annotations

Branches:
Dungeon (4/15)
 Temple: D:4-7

Altars:
Xom


Innate Abilities, Weirdness & Mutations

Your plain brown scales are hard. (AC +6)
You cannot fit into any form of body armour.
You are cold-blooded and may be slowed by cold attacks.


Message History

* * * LOW HITPOINT WARNING * * *
You are poisoned.
The worker ant poisons you!
The leopard gecko bites you but does no damage.
The orc wizard gestures wildly while chanting.
The orc wizard blinks!
You climb upwards.
You feel sick.
There is a stone staircase leading down here.
Your skin crawls.
You feel resistant to hostile enchantments.
You feel somewhat more hungry. The worker ant misses you.
The leopard gecko bites you but does no damage.
The worker ant bites you but does no damage.
You feel sick. The leopard gecko bites you.
* * * LOW HITPOINT WARNING * * *
The leopard gecko barely misses you.
You feel sick.
The worker ant bites you but does no damage.
You feel sick. The worker ant misses you. The worker ant bites you!
You die...

.##..................###.###..#..
..รท....##..>.......#####.........
.......##..........# #..........
...................####..........
..............[<...#.............
.........####.###....##.####.####
.....###.......#..##########.#
.....# #####.#la.....####....#
.....# #.....@###....#.#### ##
.#.### ######## ####...######.
.#.# ###.........< ##.##
#############...########. #..#
###.............### ## ##.#
#...############# #.###.###
#.....# ##.####


You could see a worker ant and a leopard gecko.

Vanquished Creatures
  Sigmund (D:4)
  2 orc wizards (D:4)
  Terence (D:2)
  Natasha (thrice) (D:3)
  2 adders
  An ooze (D:4)
  A worm (D:2)
  2 dart slugs
  2 leopard geckos
  7 orcs
  2 ball pythons
  12 bats
  4 giant cockroaches
  4 goblins
  2 hobgoblins (D:1)
  8 jackals
  8 kobolds
  2 frilled lizards
  8 rats
72 creatures vanquished.

Notes
Turn   | Place    | Note
-------+----------+-------------------------------------------
     0 | D:1      | Mrkan the Draconian Berserker began the quest for the Orb.
     0 | D:1      | Reached XP level 1. HP: 19/19 MP: 1/1
   192 | D:1      | Reached XP level 2. HP: 24/26 MP: 2/2
   419 | D:1      | Reached ** piety under Trog
   697 | D:1      | Reached XP level 3. HP: 33/33 MP: 3/3
  1051 | D:1      | You fall into a shaft and drop 1 floor!
  1052 | D:2      | Noticed Terence
  1059 | D:2      | Killed Terence
  1059 | D:2      | Reached skill level 4 in Axes
  1163 | D:2      | Reached XP level 4. HP: 27/40 MP: 4/4
  2155 | D:3      | Noticed Natasha
  2163 | D:3      | Killed Natasha
  2163 | D:3      | Reached skill level 5 in Axes
  2380 | D:3      | Found a shimmering altar of Xom.
  2437 | D:3      | Reached XP level 5. HP: 28/47 MP: 5/5
  2559 | D:3      | Noticed Natasha
  2572 | D:3      | Killed Natasha
  2694 | D:3      | Noticed Natasha
  2702 | D:3      | Killed Natasha
  2918 | D:4      | Noticed Sigmund
  2930 | D:4      | Killed Sigmund
  2930 | D:4      | Reached skill level 5 in Fighting
  2930 | D:4      | Reached skill level 6 in Axes
  2930 | D:4      | Reached XP level 6. HP: 56/56 MP: 6/6
  2937 | D:4      | Reached *** piety under Trog
  3017 | D:3      | HP: 1/56 [leopard gecko (4)]
  3024 | D:3      | Slain by a worker ant

Levels and vault maps discovered:
D:1:      dpeg_arrival_circle_labyrinth_b, layout_basic, minmay_splitting_lines,
          hex_large
D:2:      layout_basic, uniq_terence
D:3:      layout_rooms, lemuel_doored_altar, first_ration, uniq_natasha
D:4:      layout_cave_pools, uniq_sigmund

Skill      XL: |  1  2  3  4  5 |
---------------+----------------+-----
Fighting       | 4 5 |  5.4
Axes           | 4 5 6 |  6.4
Dodging        | |  2.6

Action                   |  1- 3 |  4- 6 || total
-------------------------+-------+-------++-------
Melee: Hand axe          |    81 |   135 ||   216
       Tailslap          |    11 |    14 ||    25
Invok: Berserk           |     1 |     1 ||     2
       Trog's Hand       |       |     1 ||     1
  Use: Potion            |       |     3 ||     3
 Stab: Sleeping          |     2 |       ||     2
  Eat: Chunk             |     2 |     7 ||     9
Armor: Skin              |    47 |    66 ||   113
Dodge: Dodged            |    58 |   147 ||   205

Table legend:
 A = Non-vault XP
 B = Vault XP
 C = Vault XP percentage of total XP
 D = Non-vault monster count
 E = Vault monster count
 F = Vault count percentage of total count
                 A         B        C        D         E       F
            +---------+---------+-------+---------+---------+-------
      Total |     307 |     279 |  47.6 |      69 |       3 |   4.2
            +---------+---------+-------+---------+---------+-------
        D:1 |      43 |       0 |   0.0 |      26 |       0 |   0.0
        D:2 |      42 |      36 |  46.2 |      15 |       1 |   6.2
        D:3 |     130 |      35 |  21.2 |      24 |       1 |   4.0
        D:4 |      92 |     208 |  69.3 |       4 |       1 |  20.0
            +---------+---------+-------+---------+---------+-------
